Cogmind - Beta 13 @@@ ROGUE MODE // 2024.04.11 @ 23:15:10 Player: paplal Result: Destroyed by L-31 Rogue with Katana Performance ------------- Evolutions (1) 500 Regions Visited (2) 400 Robots Destroyed (37) 185 Value Destroyed (571) 571 Prototype IDs (0) 0 Alien Tech Used (0) 0 Bonus (0) 0 TOTAL SCORE: 1656 Bonus ------- None Cogmind --------- Core Integrity 0/400 Matter 217/300 Energy 20/100 System Corruption 3% Temperature Cool (0) Movement Walking (100) Location -9/Materials Parts ------- > --- POWER (1) -------- (None) > --- PROPULSION (3) --- Aluminum Leg VSS Leg VSS Leg > --- UTILITY (3) ------ Hardened Light Armor Plating Hardened Light Armor Plating > --- WEAPON (2) ------- (None) > --- INVENTORY (5) ---- Ion Engine Assault Rifle Hammer Peak State ------------ > --- POWER ------------ (None) > --- PROPULSION ------- Aluminum Leg VSS Leg VSS Leg > --- UTILITY ---------- Hardened Light Armor Plating Hardened Light Armor Plating > --- WEAPON ----------- Particle Gun > --- INVENTORY -------- Ion Engine Assault Rifle Hammer [Rating: 13] Favorites ----------- Power Ion Engine Engine Ion Engine Propulsion Wheel Leg Aluminum Leg Wheel Wheel Hover Unit Hover Unit Flight Unit Flight Unit Utility Seismic Detector Device Seismic Detector Storage Huge Storage Unit Processor Signal Interpreter Protection Hardened Light Armor Plating Weapon Small Laser Energy Gun Small Laser Ballistic Gun Light Assault Rifle Launcher Grenade Launcher Special Weapon Mining Laser Impact Weapon Hammer Build | -11 -10 -9 ------- Run | Yrd Mat Mat Slots Evolved 2 | . . 2 Power . | . . . Propulsion 1 | . . 1 Utility 1 | . . 1 Weapon . | . . . Parts Attached 52 | 12 24 16 Power 3 | 2 1 . Engine 3 | 2 1 . Core . | . . . Reactor . | . . . Propulsion 24 | 6 8 10 Treads . | . . . Leg 7 | 2 2 3 Wheel 11 | 4 . 7 Hover 5 | . 5 . Flight 1 | . 1 . Utility 11 | 2 6 3 Device 6 | 2 4 . Storage 1 | . 1 . Processor 2 | . 1 1 Hackware . | . . . Protection 2 | . . 2 Artifact . | . . . Weapon 14 | 2 9 3 Energy Gun 5 | 1 3 1 Energy Cannon . | . . . Ballistic Gun 3 | 1 . 2 Ballistic Cannon . | . . . Launcher 3 | . 3 . Special Weapon 2 | . 2 . Impact Weapon 1 | . 1 . Slashing Weapon . | . . . Piercing Weapon . | . . . Special Melee Weapon . | . . . Unidentified Prototypes . | . . . Parts Lost 15 | 1 4 10 Power 2 | 1 . 1 Propulsion 7 | . 2 5 Utility 3 | . 1 2 Weapon 3 | . 1 2 Highest Loss Streak 6 | 1 3 6 To Critical Strikes . | . . . Average Slot Usage (%) 78 | . 91 48 Engine 10 | . 13 3 Leg 4 | . 4 4 Wheel 6 | . 7 4 Hover 9 | . 10 4 Device 20 | . 26 5 Processor 2 | . . 7 Protection 2 | . . 7 Energy Gun 6 | . 7 3 Launcher 6 | . 8 2 Special Weapon 2 | . 4 . Impact Weapon 6 | . 6 5 Naked Turns . | . . . Heaviest Build 85 | 9 85 13 Greatest Support 48 | 20 20 48 Greatest Overweight (x) 14 | . 14 2 Average Overweight (x) . | . . . Largest Inventory Capacity 25 | 5 25 5 Average Capacity 5 | 5 5 5 Most Carried 5 | 5 5 5 Average Carried 3 | 3 3 2 Final Capacity 5 | 5 5 5 Final Carried 5 | 5 2 3 Class Distribution -------------------- 65% | Mutant 34% | Scavenger-Mutant Dominant Class ---------------- Mutant | -10/Materials Mutant | -9/Materials Resources | -11 -10 -9 ----------- Run | Yrd Mat Mat Matter Collected 760 | 224 325 211 Remotely . | . . . Salvage Created 778 | 109 458 211 Parts 58 | 13 35 10 Haulers Intercepted 2 | . 1 1 Recyclers Shooed 2 | . . 2 Parts Field Recycled . | . . . Retrieved Matter . | . . . Parts Self-Destructed . | . . . Prevented . | . . . Kills | -11 -10 -9 ------- Run | Yrd Mat Mat Combat Hostiles Destroyed 12 | 1 8 3 Guns 5 | 1 1 3 AOE 7 | . 7 . Classes Destroyed 11 | 3 6 2 Worker 5 | 1 4 . Builder 7 | . 6 1 Tunneler 4 | 3 1 . Hauler 2 | . 1 1 Recycler 2 | . 2 . Mechanic 1 | . . 1 Operator 1 | . 1 . Watcher 3 | . 2 1 Swarmer 3 | . 3 . Grunt 8 | 1 5 2 Sentry 1 | . . 1 Best Kill Streak 7 | 3 7 3 Combat Bots Only 3 | 1 3 3 Max Kills in Single Turn 5 | 1 5 1 Gunslinging . | . . . Exploded 3 | . 3 . Melee . | . . . Uniques/NPCs Destroyed . | . . . Combat | -11 -10 -9 -------- Run | Yrd Mat Mat Hostile Shots Fired 162 | 12 49 101 Missed 44 | 4 11 29 Damage Taken 1644 | 91 470 1083 Core 600 | 23 150 427 Absorbed by Shields . | . . . Core Remaining (%) 60 | 90 30 . Volleys Fired 81 | 19 40 22 Largest 2 | 2 2 1 Hottest 140 | 60 140 65 Shots Fired 106 | 35 49 22 Gun 80 | 35 28 17 Cannon . | . . . Launcher 21 | . 16 5 Special 5 | . 5 . Kinetic 18 | 16 . 2 Thermal 64 | 19 30 15 Explosive 21 | . 16 5 Electromagnetic 3 | . 3 . Robot Hit Streak 13 | 5 10 13 Robot Miss Streak 5 | 5 2 2 Penetration Max . | . . . Secondary Targets 1 | 1 . . Max Gunslinging Chain 1 | 1 . . Shots Hit Robots 76 | 15 39 22 Core Hits 43 | 7 27 9 Critical Kills . | . . . Critical Parts Destroyed 3 | 1 1 1 Critical Strikes 4 | 1 1 2 Burn 1 | . . 1 Destroy 1 | 1 . . Smash 2 | . 1 1 Melee Attacks 18 | . 8 10 Impact 18 | . 8 10 Slashing . | . . . Piercing . | . . . Sneak Attacks 8 | . 5 3 Combat Hostiles . | . . . Follow-up Attacks . | . . . Damage Inflicted 2683 | 163 1903 617 Guns 592 | 163 242 187 Cannons . | . . . Explosions 1485 | . 1315 170 Melee 582 | . 322 260 Ramming . | . . . Kinetic 64 | 64 . . Thermal 510 | 99 224 187 Explosive 1485 | . 1315 170 Electromagnetic 42 | . 42 . Impact 582 | . 322 260 Slashing . | . . . Piercing . | . . . Highest Corruption 3 | . . 3 Average Corruption 2 | . . 2 Corruption Purged . | . . . Corruption Blocked . | . . . Effects 5 | . . 5 Message Errors 1 | . . 1 Heat Flow Errors 2 | . . 2 Energy Discharges 1 | . . 1 Parts Rejected 1 | . . 1 Overload Shots . | . . . Overflow Damage 291 | . 210 81 Projectiles 24 | . 24 . Explosions 61 | . 42 19 Melee 206 | . 144 62 Knockbacks 4 | . 3 1 Impact 3 | . 2 1 Kinetic . | . . . Secondary 1 | . 1 . Self-Inflicted Damage 100 | . 26 74 Shots 3 | . 2 1 Rammed . | . . . Targets Rammed . | . . . Kicked . | . . . Crushed . | . . . Highest Temperature 421 | 32 246 421 Average Temperature 111 | 13 106 159 Received Heat Transfer 699 | 48 249 402 Effects 6 | . 3 3 Interference 4 | . 3 1 Damage (minor) 2 | . . 2 Siege Activations . | . . . Robots Corrupted . | . . . Combat Hostiles . | . . . Parts Fried 10 | . 6 4 Impact Corruptions 12 | . 7 5 Robots Melted . | . . . Combat Hostiles . | . . . Parts Melted 2 | . . 2 Heat Transferred 1243 | 225 500 518 Parts Sabotaged . | . . . Parts Stolen . | . . . Parts Stripped . | . . . Power Chain Reactions . | . . . Alert | -11 -10 -9 ------- Run | Yrd Mat Mat Peak Influence 400 | 35 252 400 Initial 72 | . 22 72 Average 126 | 17 112 233 Maximum Alert Level 2 | . 1 2 Low Security (%) 82 | 100 94 41 Level 1 17 | . 5 56 Level 2 . | . . 1 Level 3 . | . . . Level 4 . | . . . Level 5 . | . . . High Security . | . . . Max Security . | . . . Squads Dispatched 5 | . 4 1 Investigation 1 | . 1 . Extermination . | . . . Reinforcement 4 | . 3 1 Assault . | . . . Garrison . | . . . Intercept . | . . . Searches Triggered . | . . . Construction Impeded 1 | . . 1 Haulers Reinforced . | . . . Active Scanning Responses . | . . . Cargo Convoy Interrupts . | . . . Stealth | -11 -10 -9 --------- Run | Yrd Mat Mat Distress Signals 1 | . 1 . Communications Jammed . | . . . Distress Signals . | . . . Times Spotted 34 | 1 17 16 Peak Tracking Total 6 | 1 4 6 Tactical Retreats 8 | . 2 6 Traps | -11 -10 -9 ------- Run | Yrd Mat Mat Traps Triggered 4 | . . 4 Indirectly . | . . . Trap Hack Attempts . | . . . Triggered . | . . . Disarmed 6 | . 6 . Reprogrammed . | . . . Reused . | . . . Traps Extracted . | . . . Installed . | . . . Triggered . | . . . Machines | -11 -10 -9 ---------- Run | Yrd Mat Mat Machines Disabled 5 | . 3 2 Max in Single Turn 3 | . 3 1 Machines Repaired . | . . . Machines Dismantled . | . . . Machines Sabotaged . | . . . Overloaded Fab Kills . | . . . Hacking | -11 -10 -9 --------- Run | Yrd Mat Mat Machines Accessed 2 | . 2 . Terminals 1 | . 1 . Fabricators . | . . . Repair Stations . | . . . Recycling Units 1 | . 1 . Scanalyzers . | . . . Garrison Access . | . . . Total Hacks 9 | . 9 . Successful 8 | . 8 . Failed 1 | . 1 . Catastrophic . | . . . Database Lockouts . | . . . Manual . | . . . Terminals 4 | . 4 . Fabricators . | . . . Repair Stations . | . . . Recycling Units 5 | . 5 . Scanalyzers . | . . . Garrison Access . | . . . Terminal Hacks 3 | . 3 . Disarm Traps 1 | . 1 . Dispatch Records 1 | . 1 . Investigation Status 1 | . 1 . Fabricator Hacks . | . . . Repair Station Hacks . | . . . Recycling Unit Hacks 5 | . 5 . Recycle Component 1 | . 1 . Process 1 | . 1 . Report Inventory 1 | . 1 . Retrieve Matter 1 | . 1 . Retrieve Components 1 | . 1 . Scanalyzer . | . . . Garrison Access Hacks . | . . . Unauthorized Hacks . | . . . Terminals . | . . . Fabricators . | . . . Repair Stations . | . . . Recycling Units . | . . . Scanalyzers . | . . . Garrison Access . | . . . Data Cores Recovered . | . . . Used . | . . . Hacking Detections 1 | . 1 . Full Trace Events 1 | . 1 . Feedback Events . | . . . Feedback Blocked . | . . . Robot Schematics Acquired . | . . . Robots Built . | . . . Authchips . | . . . Time . | . . . Total Robot Build Rating . | . . . Part Schematics Acquired . | . . . Parts Built . | . . . Authchips . | . . . Time . | . . . Total Part Build Rating . | . . . Parts Repaired . | . . . Time . | . . . Parts Recycled 1 | . 1 . Recycled Matter 32 | . 32 . Retrieved Matter 32 | . 32 . Retrieved Components . | . . . Parts Scanalyzed . | . . . Part Schematics Acquired . | . . . Parts Damaged . | . . . Bothacking | -11 -10 -9 ------------ Run | Yrd Mat Mat Used RIF Installer . | . . . Robots Hacked . | . . . Non-combat . | . . . Combat . | . . . Robot Hacks Applied . | . . . Relay Couplers Released . | . . . Fabnet Peak Effective % . | . . . Robots Rewired . | . . . Allies Hacked . | . . . Hacks Repelled . | . . . Allies | -11 -10 -9 -------- Run | Yrd Mat Mat Total Allies . | . . . Largest Group . | . . . Highest-Rated Group . | . . . Highest-Rated Ally . | . . . Total Orders . | . . . Ally Attacks . | . . . Total Damage . | . . . Kills . | . . . Allies Corrupted . | . . . Allies Melted . | . . . Intel | -11 -10 -9 ------- Run | Yrd Mat Mat Robot Analysis Total . | . . . Derelict Logs Recovered . | . . . Drone Launches . | . . . Drone Recoveries . | . . . Exploration | -11 -10 -9 ------------- Run | Yrd Mat Mat Turns Passed 1581 | 263 929 389 Spaces Moved 1376 | 176 869 331 Core 215 | 61 31 123 Treads . | . . . Legs 140 | 22 89 29 Wheels 472 | 93 278 101 Hover 549 | . 471 78 Flight . | . . . Fastest Speed 50 | 50 56 50 Average Speed 81 | 74 83 80 Slowest Speed 900 | 120 900 180 Overloaded Moves . | . . . Propulsion Burnouts . | . . . Robots Hopped . | . . . Cave-ins Triggered . | . . . Exploration Rate (%) 32 | 6 70 22 Regions Visited 2 Branch Regions . Pre-discovered Areas . | . . . Known Exits Taken . | . . . Unknown Exits Taken 2 | 1 1 . Scrap Searched . | . . . Spaces Dug . | . . . Terrain Destroyed 169 | . 115 54 Melee . | . . . Projectile 1 | . 1 . AOE 168 | . 114 54 Terrain Rammed . | . . . Walls Destroyed . | . . . Machines Disabled . | . . . Actions | -11 -10 -9 --------- Run | Yrd Mat Mat Total 1699 | 278 1007 414 Wait 95 | 48 25 22 Move 1374 | 175 868 331 Hop . | . . . Pick Up 47 | 16 20 11 Fast Attach 9 | 3 1 5 Attach 37 | 9 18 10 Detach 6 | 2 4 . Swap 6 | . 5 1 Drop 26 | 6 18 2 Fire 81 | 19 40 22 Melee 18 | . 8 10 Ram . | . . . Kick . | . . . Crush . | . . . Escape Stasis . | . . . Rewire . | . . . Trap . | . . . Miscellaneous . | . . . Route ------- -11/Scrapyard -10/Materials (discovered 4 exits: [*Mat x2] / [*Min x2]) -9/Materials (discovered 1 exit: [*Min]) History --------- Turn | Location | Event 2 | -11/Scrapyard | Met Revision 17 102 | -11/Scrapyard | Discovered new exit (range 8) 264 | -11/Scrapyard | Entered Materials 309 | -10/Materials | Build established: Scavenger-Mutant 515 | -10/Materials | Core integrity fell below 50% 551 | -10/Materials | Lost 3 parts (1n1u1w) 781 | -10/Materials | Discovered new exit (range 15) 795 | -10/Materials | Build established: Mutant 890 | -10/Materials | Discovered new exit (range 16) 937 | -10/Materials | Discovered new exit (range 15) 1172 | -10/Materials | Discovered new exit (range 16) 1193 | -10/Materials | Entered another Materials area 1193 | -9/Materials | Evolved 2 slots: Propulsion x1, Utility x1 1273 | -9/Materials | Discovered new exit (range 15) 1341 | -9/Materials | Lost 6 parts (1p2n2u1w) 1370 | -9/Materials | Core integrity fell below 50% 1409 | -9/Materials | Core integrity fell below 20% 1582 | -9/Materials | Destroyed by L-31 Rogue with Katana Last Messages --------------- Plating. 01475_ R-06 Scavenger collects Lgt. Treads. 01478_ Overheating: Com. Wheel damaged (-1). 01478_ G-34 Mercenary destroyed. 01478_ R-06 Scavenger collects Aluminum Leg. 01482_ Overheating: System interference. 01482_ Particle Gun temporarily disabled. 01484_ Overheating: Particle Gun damaged (-21). 01486_ Acquired 42 matter. 01488_ System corrupted: Energy discharge (-22). 01490_ Acquired 36 matter. 01492_ Acquired Ion Engine. 01504_ Acquired Aluminum Leg. 01530_ Acquired VSS Leg. 01535_ Com. Wheel destroyed. 01535_ Acquired VSS Leg. 01536_ K-01 Serf collects debris. 01566_ System corrupted: Heat flow error (+182). 01578_ Particle Gun destroyed. [Achievement: First Step to Greatness] Map ----- +----------------------------------------------------+ | | | | | | | | | | | | | | | | | | | | | | | | | | | | | | | | | | | | | | | ?????????????????????????????????????????? | | ?????????????????????????????????????????? | | ?????????????##########??????????????????? | | ?????????????# #??????????????????? | | ?????????????# """ #??????????????????? | | ???????###???# """ #??????????????????? | | ??????##! ???# @""" #??????????????????? | | ??????#! ???# l #??????????????????? | | ??????#! #### """ #??????????????????? | | ??????#! # g """ #??????????????????? | | ??????#! # """ #??????????????????? | | ???????#! + Y #??????????????????? | | ???????#### ######## #??????????????????? | | ?????"????# #????????#??????????????????? | | ????""""??# #???????????????????????????? | | ????""""" # #???????????????????????????? | | ????""""" + #???????????????????????????? | | ????""""" # #???????????????????????????? | | ??? ? # ########????????????????????? | | ? ] ?? ?# #! #????????????????????? | | ? ???! ?# # #?##########?????????? | | ?#?????#??# + "S #?# #?????????? | | ???######## # """ #?# """ #?????????? | | ???#!!!!==# # "" #?# """ #?????????? | | ???#!!!! # # #?# """ #?????????? | | ???# # ########## #?????????? | | ???### # ##### # """ #?????????? | | ?????#^ ^ # "R #?????????? | | ?????# ^^ + """ #?????????? | | ?????# ##### # #?????????? | | ###??# ######+############?????????? | +----------------------------------------------------+ Best States ------------- Heat Dissipation 28 Energy Generation 10 Energy Capacity 250 Matter Stores 237 Matter Capacity 300 Sight Range 16 Terrain Scan Range 16 Terrain Scan Density 10 Armor Coverage 300 Evasion (%) 55 Item Schematics ----------------- None Robot Schematics ------------------ None Fabricated ------------ Nothing Alien Tech Used ----------------- None Achievements -------------- Crack Shot First Step to Greatness Loot Pinata One Hack Too Far Storm Trooper Uninvited Guest Challenges ------------ None Game ------ Seed FusionPointMantle Manual? 0 Play Time 00:58:14 Cumulative 0.9 hours Start 2024.04.11 @ 22:05:27 End 2024.04.11 @ 23:15:10 Sessions 3 Manual Loads 0 Difficulty Rogue Special Mode None Game No. 1 Rogue 1 Adventurer 0 Explorer 0 Win Type - Total 0 Types 0/0/0/0/0/0/0/0/0 Lore% 0 Gallery% 2 Achievement% 2 Wizard Run 0 Options --------- Layout 2 ASCII 0 Keyboard 0 Movement Mouse Keybinds 0 Fullscreen 1 Font 48/Smallcaps Map View 25x22 Zoom Use 49% Tactical HUD 1 Map Filters NONE Filters NONE Steam 1 RUN: 872afde0-a7fe-4533-8347-9082cac50b1d